 Dungeon Crawl Stone Soup version 0.22-a0-447-gee5f7238b3 (webtiles) character file.

42 Oravi the Changer (level 3, 0/39 HPs)
             Began as a Merfolk Transmuter on June 3, 2018.
             Succumbed to an adder's poison
             ... on level 2 of the Dungeon.
             The game lasted 00:04:16 (1477 turns).

Oravi the Changer (Merfolk Transmuter)              Turns: 1477, Time: 00:04:16

Health: 0/39       AC: 21    Str:  9 (10) XL:     3   Next: 56%
Magic:  6/6        EV:  2    Int: 12 (13) God:
Gold:   51         SH:  0    Dex: 11 (14) Spells: 0/6 levels left

rFire    . . .     SeeInvis .     - Unarmed
rCold    . . .     Gourm    .   (no shield)
rNeg     + + +     Faith    .   (armour currently unavailable)
rPois    +         Spirit   .   (helmet currently unavailable)
rElec    .         Reflect  .   (cloak currently unavailable)
rCorr    .         Harm     .   (gloves currently unavailable)
MR       .....     NoTele   +   (boots currently unavailable)
Stlth    +.........             (no amulet)
HPRegen  0.13/turn              (no ring)
MPRegen  0.10/turn              (no ring)

@: lethally poisoned (0 -> -2), tree-form, heavily drained
A: (change form in water), (swift swim), (stealthy swim)
a: no special abilities


You were on level 2 of the Dungeon.
You were not hungry.
You were a tree.
You visited 1 branch of the dungeon, and saw 2 of its levels.

You collected 51 gold pieces.

Inventory:

Missiles
 a - 12 arrows
Armour
 b - a +0 robe (melded)
 c - a +1 helmet (melded)
Scrolls
 e - 3 scrolls of teleportation {unknown}
Comestibles
 d - 6 rations
 h - a chunk of flesh


   Skills:
 - Level 1.1(0.0) Fighting
 - Level 2.6(1.3) Dodging
 - Level 3.2(1.9) Unarmed Combat
 - Level 2.0(0.7) Spellcasting
 + Level 4.9(3.5) Transmutations
 + Level 1.0(0.0) Poison Magic


You couldn't memorise any spells.
You knew the following spells:

 Your Spells              Type           Power        Failure   Level  Hunger
a - Beastly Appendage     Tmut           #.....       8%          1    ##.....
b - Sticks to Snakes      Tmut           #.......     11%         2    ###....
c - Spider Form           Tmut/Pois      #.........   41%         3    ####...

Your spell library contained the following spells:

 Spells                   Type           Power        Failure   Level  Hunger
 Blade Hands              Tmut           #.........   90%         5    ######.
 Ice Form                 Ice/Tmut       #.......     83%         4    #####..


Dungeon Overview and Level Annotations

Branches:
Dungeon (2/15)

Altars:

Annotations:
D:1 exclusion: gnoll


Message History

You hit the adder.
You kill the adder!
Your base Poison Magic skill increases to level 1!
* * * LOW HITPOINT WARNING * * *
You feel sick.
It was a potion of degeneration.
There was something very wrong with that liquid.
You feel weakened.
You feel dopey.
You feel clumsy.
It was a potion of magic.
Magic courses through your body.
* * * LOW HITPOINT WARNING * * *
You feel sick.
It was a potion of lignification.
You turn into a tree.
Your +1 helmet melds into your body.
Your +0 robe melds into your body.
Your roots penetrate the ground.
There is a lethal amount of poison in your body!
There is a lethal amount of poison in your body!
There is a lethal amount of poison in your body!
* * * LOW HITPOINT WARNING * * *
You feel sick.
You die...

......#............ #.#
.....?...........#. ##..# #.
.................#.# #>.# #..
........)..........###.# #..#
.......................##..#
...............#..........###
...................÷.........
#.#..?>.............<......#
#.........♣.....##.....(.##
#..#........##.####.......#
#....#.........####.#......
#...##......#.......###.##.
#... #......#...##### #...#
###. #...####.#.# ###..
.....# ###.# ### ....... ...
# ......# ....


There were no monsters in sight!

Vanquished Creatures
  An adder (D:2)
  2 oozes (D:1)
  3 leopard geckos (D:1)
  A giant cockroach (D:1)
  3 goblins (D:1)
  4 hobgoblins
  4 bats (D:1)
  A frilled lizard (D:2)
  A kobold (D:1)
  2 rats
22 creatures vanquished.

Notes
Turn   | Place    | Note
-------+----------+-------------------------------------------
     0 | D:1      | Oravi the Merfolk Transmuter began the quest for the Orb.
     0 | D:1      | Reached XP level 1. HP: 15/15 MP: 3/3
    11 | D:1      | Reached skill level 3 in Transmutations
   137 | D:1      | Reached XP level 2. HP: 13/21 MP: 3/5
   386 | D:1      | Reached skill level 4 in Transmutations
   716 | D:1      | Reached XP level 3. HP: 8/26 MP: 6/6
  1000 | D:1      | Learned a level 2 spell: Sticks to Snakes
  1004 | D:1      | Learned a level 3 spell: Spider Form
  1467 | D:2      | Reached skill level 1 in Poison Magic
  1470 | D:2      | HP: 1/26 [poisoned by an adder]
  1477 | D:2      | Succumbed to an adder's poison

Vault maps used:
D:1:      erik_arrival_gehennom, minivault_5
D:2:      minmay_wonky_spiral

Skill      XL: |  1  2  3 |
---------------+----------+-----
Transmutations | 3 4 |  4.9
Poison Magic   | 1 |  1.0
Fighting       | |  1.1
Dodging        | |  2.6
Unarmed Combat | |  3.2
Spellcasting   | |  2.0

Action                   || total
-------------------------++-------
Melee: Unarmed           ||   133
       Headbutt          ||     3
       Punch             ||     1
 Cast: Beastly Appendage ||     7
  Use: Potion            ||     3
 Stab: Sleeping          ||     1
  Eat: Chunk             ||     2
Armor: Robe              ||    36
Dodge: Dodged            ||    86

Table legend:
 A = Spawn XP
 B = Non-spawn XP
 C = Spawn XP percentage of total XP
 D = Spawn monster count
 E = Non-spawn monster count
 F = Spawn count percentage of total count
 G = Total turns spent on level
                    A         B        C        D         E        F      G
               +---------+---------+-------+---------+---------+-------+---------
         Total |       0 |      61 |   0.0 |       0 |      22 |   0.0 |  1477
               +---------+---------+-------+---------+---------+-------+---------
           D:1 |       0 |      44 |   0.0 |       0 |      18 |   0.0 |  1375
           D:2 |       0 |      17 |   0.0 |       0 |       4 |   0.0 |   102
               +---------+---------+-------+---------+---------+-------+---------
